 Dungeon Crawl Stone Soup version 0.31-a0-360-gb3e1d13bf4 (webtiles) character file.

Game seed: 6107802854249410812

3352 LeprechaunX the Grappler (level 10, -1/99 HPs)
             Began as an Octopode Shapeshifter on July 26, 2023.
             Was an Initiate of Yredelemnul.
             Slain by a gnoll
             ... wielding a +0 halberd of distortion
              (8 damage)
             ... on level 7 of the Dungeon.
             The game lasted 00:11:52 (5697 turns).

LeprechaunX the Grappler (Octopode Shapeshifter)    Turns: 5697, Time: 00:11:52

Health: -1/99      AC: 25    Str: 14 (16) XL:     10   Next: 3%
Magic:  0/14       EV:  2    Int:  9 (11) God:    Yredelemnul [......]
Gold:   433        SH:  0    Dex: 25 (27) Spells: 9/9 levels left

rFire   . .          .
                       - Unarmed
rCold   . . .        (no shield)
rNeg    . . .        (helmet currently unavailable)
rPois   +            l - amulet of guardian spirit
rElec   .            e - ring of willpower
rCorr   .            o - +6 ring of dexterity
SInv    .            n - ring of flight
Will    +....        q - +6 ring of dexterity
Stlth   ++           s - +5 ring of evasion
HPRegen 0.36/turn    D - ring of poison resistance
MPRegen 0.14/turn    (no ring)
                     (no ring)

%: guardian spirit
@: tree-form
A: stationary, stasis, torment immunity, boosted hp, almost no armour,
(amphibious), 8 rings, (camouflage 1), (gelatinous body 1), (nimble swimmer 1),
(tentacles)
a: Renounce Religion, Recall Undead Harvest


You were on level 7 of the Dungeon.
You worshipped Yredelemnul.
Yredelemnul was noncommittal.
You were a tree.
You visited 1 branch of the dungeon, and saw 7 of its levels.

You collected 433 gold pieces.

Inventory:

Missiles
 w - 3 javelins (quivered)
 x - 7 boomerangs
 A - 3 throwing nets
Armour
 g - a +0 buckler
Jewellery
 e - a ring of willpower (left branch)
 l - an amulet of guardian spirit (around neck)
 n - a ring of flight (on tentacle)
 o - a +6 ring of dexterity (right branch)
 q - a +6 ring of dexterity (on tentacle)
 s - a +5 ring of evasion (on tentacle)
 D - a ring of poison resistance (on tentacle)
Talismans
 b - a beast talisman
 d - a talisman of death
Wands
 G - a wand of iceblast (3)
Scrolls
 c - 2 scrolls of fog {unknown}
 i - a scroll of fear {unknown}
 j - 3 scrolls of immolation {unknown}
 m - 8 scrolls of identify {unknown}
 p - a scroll of silence {unknown}
 r - a scroll of amnesia {unknown}
 u - a scroll of noise {unknown}
 v - a scroll of torment {unknown}
 y - a scroll of summoning {unknown}
 z - a scroll of teleportation {unknown}
 E - a scroll of blinking {unknown}
 F - a scroll of brand weapon {unknown}
Potions
 a - a potion of lignification
 f - a potion of magic
 h - a potion of curing
 k - a potion of degeneration
 t - a potion of berserk rage {unknown}
 B - a potion of ambrosia {unknown}
 C - a potion of haste {unknown}


   Skills:
 + Level 5.3 Fighting
 + Level 5.7 Dodging
 * Level 8.0 Unarmed Combat
 + Level 5.3 Invocations
 * Level 6.8 Shapeshifting


You had 9 spell levels left.
You didn't know any spells.
Your spell library contained the following spells:

 Spells                   Type           Power      Damage    Failure   Level
 Apportation              Tloc           0%         N/A       38%         1
 Necrotise                Necr           0%         1d4       38%         1
 Summon Small Mammal      Summ           0%         N/A       38%         1


Dungeon Overview and Level Annotations

Branches:
Dungeon (7/15)
 Temple: D:4-7

Altars:
Makhleb
Okawaru
Qazlal
Wu Jian
Yredelemnul
Zin


Innate Abilities, Weirdness & Mutations

You are a tree.
Your roots penetrate the ground, keeping you stationary.
You cannot be teleported.
You are immune to unholy pain and torment.
Your maximum health is greatly increased.
You cannot wear most types of armour.
((You are amphibious.))
You can wear up to eight rings at the same time.
((Your skin changes colour to match your surroundings (Stealth+).))
((Your rubbery body absorbs attacks. (AC +1, EV +1)))
((You are camouflaged when in or above water. (Stealth+)))
((You have tentacles for arms and can constrict up to eight enemies at once.))


Message History

* * * LOW HITPOINT WARNING * * *
Unknown command.
Throw: 4 javelins
Press: ? - help, Q - select action, (/) - cycle Shift-Dir - straight line, f/p - gnoll
Aim: a gnoll, wielding a +0 halberd (almost dead, 69% to hit)
You throw a javelin. The javelin pierces through the gnoll.
You kill the gnoll!
The javelin closely misses the gnoll.
The dead are walking!
The gnoll hits your gnoll zombie with a +0 halberd of distortion!
Space warps horribly around your gnoll zombie!
Your gnoll zombie is destroyed!
It was a potion of magic.
Magic courses through your body.
The centaur wields a +0 shortbow.
The centaur shoots an arrow.
The arrow hits you but does no damage.
It was a potion of curing.
You feel better. The gnoll hits you but does no damage. Space warps around you.
* * * LOW HITPOINT WARNING * * *
The centaur unwields a +0 shortbow.
The centaur hits you but does no damage.
The centaur kicks you but does no damage.
You pummel the centaur!!
The centaur is almost dead.
The gnoll hits you but does no damage. Space warps around you.
* * * LOW HITPOINT WARNING * * *
The gnoll hits you from afar with a +0 spear.
* * * LOW HITPOINT WARNING * * *
The centaur hits you but does no damage.
The centaur kicks you.
* * * LOW HITPOINT WARNING * * *
You smack the centaur!
You kill the centaur!
The gnoll barely misses you. The gnoll hits you but does no damage.
Unknown command.
It was a potion of degeneration.
There was something very wrong with that liquid.
You feel weakened.
You feel dopey.
You feel clumsy. The gnoll hits you but does no damage.
Space warps horribly around you!
You die...
Your body rises from the dead as a mindless zombie.

#(. #<# #.# #.#
#.# #g# #)# #♣#
##c##### #)#
..ggg).#########g#
##g###g<.c.g...gg#
#############


You could see 4 gnolls.

Vanquished Creatures
  3 yaks (D:5)
  4 humans (D:6)
  A steam dragon (D:7)
  Menkaure (D:6)
  Duvessa (D:4)
  A black bear (D:6)
  3 ice beasts
  A centaur (D:7)
  A phantom (D:4)
  2 gnoll sergeants
  3 scorpions
  Dowan (D:4)
  3 hounds
  A jelly (D:5)
  5 orc priests
  6 iguanas
  A sleepcap (D:4)
  2 orc wizards (D:6)
  10 gnolls
  11 adders
  A white imp (D:6)
  4 worms
  A dart slug (D:4)
  20 orcs
  11 ball pythons
  2 bats
  8 endoplasms
  3 giant cockroaches
  6 goblins
  9 hobgoblins
  4 jackals (D:1)
  7 kobolds
  A frilled lizard (D:1)
  4 rats
142 creatures vanquished.

Vanquished Creatures (collateral kills)
  Sigmund (D:6)
  A human (D:6)
  2 gnolls (D:6)
  5 orcs
  A goblin (D:4)
10 creatures vanquished.

Vanquished Creatures (others)
  A yak zombie (D:5)
  A human zombie (D:6)
  A scorpion zombie (D:6)
  A hound zombie (D:6)
  A worm zombie (D:2)
  4 adder zombies
  An elf zombie (D:4)
  A jelly zombie (D:5)
  A spectral white imp (D:6)
  A bat zombie (D:3)
  2 ball python zombies
  A giant cockroach zombie (D:4)
  4 gnoll zombies
  A goblin zombie (D:2)
  2 hobgoblin zombies
  2 kobold zombies
  12 orc zombies
  2 rat zombies (D:2)
39 creatures vanquished.

Grand Total: 191 creatures vanquished

Notes
Turn   | Place    | Note
-------+----------+-------------------------------------------
     0 | D:1      | LeprechaunX the Octopode Shapeshifter began the quest for
                  | the Orb.
     0 | D:1      | Reached XP level 1. HP: 13/13 MP: 1/1
   100 | D:1      | Reached XP level 2. HP: 18/18 MP: 2/2
   438 | D:1      | Reached XP level 3. HP: 23/23 MP: 3/3
   864 | D:2      | Found a faded altar of an unknown god.
   871 | D:2      | Prayed at the altar of an unknown god.
   871 | D:2      | Became a worshipper of Yredelemnul the Dark
   871 | D:2      | Reached * piety under Yredelemnul
  1039 | D:2      | Reached XP level 4. HP: 26/29 MP: 4/4
  1114 | D:2      | Found a glowing silver altar of Zin.
  1131 | D:2      | Reached ** piety under Yredelemnul
  1920 | D:3      | Reached skill level 1 in Invocations
  2030 | D:3      | Reached skill level 4 in Unarmed Combat
  2030 | D:3      | Reached XP level 5. HP: 13/34 MP: 2/5
  2577 | D:4      | Reached XP level 6. HP: 38/40 MP: 4/7
  3164 | D:4      | Found a stormy altar of Qazlal.
  3364 | D:4      | Found a glowing silver altar of Zin.
  3375 | D:4      | Noticed Dowan
  3376 | D:4      | Noticed Duvessa
  3383 | D:4      | Killed Duvessa
  3384 | D:4      | Reached XP level 7. HP: 36/45 MP: 4/8
  3394 | D:4      | Killed Dowan
  3397 | D:4      | Reached skill level 5 in Unarmed Combat
  3476 | D:4      | Reached *** piety under Yredelemnul
  3480 | D:4      | Your ally Dowan died
  4012 | D:5      | Entered Level 5 of the Dungeon
  4053 | D:5      | Reached XP level 8. HP: 50/52 MP: 10/10
  4141 | D:5      | Noticed a yak
  4142 | D:5      | Noticed a yak
  4144 | D:5      | Noticed a yak
  4152 | D:5      | Killed a yak
  4153 | D:5      | Reached skill level 5 in Shapeshifting
  4166 | D:5      | Killed a yak
  4167 | D:5      | Reached skill level 6 in Unarmed Combat
  4176 | D:5      | Killed a yak
  4629 | D:6      | Reached XP level 9. HP: 38/58 MP: 8/12
  4721 | D:6      | Noticed Menkaure
  4735 | D:6      | Killed Menkaure
  4743 | D:6      | Reached skill level 5 in Dodging
  4743 | D:6      | Reached skill level 7 in Unarmed Combat
  5082 | D:6      | Found an ornate altar of the Wu Jian Council.
  5082 | D:6      | Found a burning altar of Makhleb.
  5082 | D:6      | Found an iron altar of Okawaru.
  5192 | D:6      | Reached skill level 5 in Fighting
  5234 | D:6      | Noticed Sigmund
  5260 | D:6      | Reached skill level 5 in Invocations
  5289 | D:6      | Killed Sigmund
  5672 | D:7      | HP: 2/61 [something (6)]
  5679 | D:7      | HP: 1/61 [gnoll/stone (3)]
  5687 | D:7      | HP: 4/91 [gnoll/+0 spear[a gnoll sergeant] (1)]
  5689 | D:7      | Reached XP level 10. HP: 5/66 MP: 1/13
  5691 | D:7      | Reached skill level 8 in Unarmed Combat
  5697 | D:7      | Slain by a gnoll

Illustrated notes

Levels and vault maps discovered:
D:1:      sevenhm_arrival_forest_fort_small_4, layout_loops_ring,
          dreamdust_princess_corridor
D:2:      layout_basic, serial_glass, glass_columns_a, glass_columns_b,
          minmay_strange_pillars, due_unseen_surprise, item_on_display_a,
          nicolae_ecumenical_oubliette, basic_altar, minmay_tetromino_o4
D:3:      layout_basic
D:4:      kennysheep_spiral_hall, layout_basic,
          nicolae_qazlal_scattered_showers, zin_statuary, nicolae_titane,
          uniq_duvessa
D:5:      layout_rooms
D:6:      layout_basic, gammafunk_temple_overflow_claw, minmay_ruffians,
          uniq_menkaure, uniq_sigmund
D:7:      layout_loops_cross, lemuel_tele_altar, temple_hall,
          uniq_crazy_yiuf_cottage, uniq_pikel

Skill      XL: |  1  2  3  4  5  6  7  8  9 10 |
---------------+-------------------------------+-----
Fighting       | 2 3 4 5 |  5.3
Invocations    | 1 2 3 4 5 |  5.3
Unarmed Combat | 4 5 6 7 8 |  8.0
Dodging        | 3 4 5 |  5.7
Shapeshifting  | 4 5 6 |  6.8

Action                     |  1- 3 |  4- 6 |  7- 9 | 10-12 || total
---------------------------+-------+-------+-------+-------++-------
  Melee: Unarmed           |    58 |    97 |   137 |     4 ||   296
         Constrict         |    17 |    26 |    35 |       ||    78
         Tentacles         |    15 |    26 |    41 |       ||    82
         Punch             |     1 |     1 |     6 |       ||     8
  Throw: Javelin           |       |       |    15 |     2 ||    17
         Boomerang         |       |       |    10 |       ||    10
    Use: Potion            |       |       |     1 |     3 ||     4
   Stab: Sleeping          |     8 |    11 |     8 |       ||    27
         Distracted        |       |       |     4 |       ||     4
 Armour: Skin              |     2 |     3 |    11 |    14 ||    30
  Dodge: Dodged            |    27 |    43 |   115 |     1 ||   186
   Form: Death             |     1 |       |       |       ||     1
         Beast             |     1 |       |       |       ||     1

Table legend: (Time is in decaauts)
 A = Elapsed time spent in this place.
 B = Non-inter-level travel time spent in this place.
 C = Inter-level travel time spent in this place.
 D = Time resting spent in this place.
 E = Time spent auto-exploring this place.
 F = Levels seen in this place.
 G = Mean time per level.
                   A        B        C        D        E       F      G
               +--------+--------+--------+--------+--------+-----+--------+
         Total |   5676 |   5393 |    283 |    205 |   4258 |   7 |  810.9 |
       Dungeon |   5676 |   5393 |    283 |    205 |   4258 |   7 |  810.9 |
               +--------+--------+--------+--------+--------+-----+--------+

Top non-repeatable levels by time:
     D:4: 1481 daAuts
     D:6: 1039 daAuts
     D:1: 919 daAuts
     D:2: 878 daAuts
     D:3: 716 daAuts
     D:5: 592 daAuts
     D:7: 49 daAuts
